cohdb
Replays
Latest Replays
All Replays
Popular Replays
Top Player Replays
Match Explorer
How It Works
Community
CoH3 Stats
Reddit
Sign in to upload your games and track your stats! →
Sign in with Steam
Match 41348300
Unlisted
Match 41348300
Overview
Messages
Build Orders
End
Kettenkrad Recon Vehicle
Construct Infanterie Kompanie
MG 42 Machine Gun Team
GrW 34 Mortar Team
Grenadier Squad
Construct Panzergrenadier Kompanie
251 Medium Carrier
Pak 40 Anti-tank Gun Team
Panzergrenadier Squad
Infanterie Officer Quarters
Selects Mechanized Battlegroup
Selects Mobile Repair Stations
Kettenkrad Recon Vehicle
Support Elements
Selects Wespe Self-propelled Artillery
Wespe Self-propelled Artillery
魔鬼筋肉人
Rorschach
只想养群猪
Particycles
ku2521
츄륩츄륩
0
0
Comments
sign in to comment!
No comments posted yet!